 Dungeon Crawl Stone Soup version 0.29-a0-1008-g949cc1d0fb (webtiles) character file.

Game seed: 1708496920990699664

9732 wingedge the Spear-Bearer (level 11, -23/86 HPs)
             Began as a Human Wanderer on Aug 5, 2022.
             Was an Elder of Dithmenos.
             Killed by the air
             ... invoked by Gastronok
              (30 damage)
             ... on level 10 of the Dungeon on Aug 7, 2022.
             The game lasted 01:18:27 (12517 turns).

wingedge the Spear-Bearer (Human Wanderer)         Turns: 12517, Time: 01:18:28

Health: -23/86     AC: 15    Str: 24    XL:     11   Next: 79%
Magic:  12/12      EV:  8    Int: 13    God:    Dithmenos [****..]
Gold:   842        SH:  0    Dex: 11    Spells: 11/12 levels left

rFire   + . .      SeeInvis .   a - +0 halberd
rCold   + . .      Faith    .   (shield currently unavailable)
rNeg    . . .      Spirit   .   T - +0 plate armour
rPois   .          Reflect  .   P - +0 helmet
rElec   .          Harm     .   O - scarf {rC+ rF+}
rCorr   .          Rampage  .   (no gloves)
Will    .....                   j - +0 pair of boots
Stlth   ..........              (no amulet)
HPRegen 0.24/turn               h - +6 ring of strength
MPRegen 0.13/turn               (no ring)

@: slowed, wreathed by umbra, studying Short Blades, very slow
A: no striking features
a: Renounce Religion, Shadow Step


You were on level 10 of the Dungeon.
You worshipped Dithmenos.
Dithmenos was greatly pleased with you.
You visited 2 branches of the dungeon, and saw 11 of its levels.

You collected 842 gold pieces.

Inventory:

Hand Weapons
 a - a +0 halberd (weapon)
 b - a +0 antimagic trident
 c - a +5 hand axe of freezing
 S - a +1 arbalest of flaming
Missiles
 m - 2 throwing nets
 t - 2 boomerangs (quivered)
 w - 9 poisoned darts
 C - 3 silver boomerangs
 J - 3 atropa-tipped darts
 N - 5 curare-tipped darts
Armour
 j - a +0 pair of boots (worn)
 H - a +0 chain mail of cold resistance
 L - a +0 kite shield
 O - a scarf of resistance (worn)
 P - a +0 helmet (worn)
 T - a +0 plate armour (worn)
 U - +0 acid dragon scales
Jewellery
 h - a +6 ring of strength (left hand)
 x - a ring of wizardry
Wands
 v - a wand of polymorph (2)
 E - a wand of iceblast (5)
 G - a wand of mindburst (3)
 Q - a wand of flame (15)
Scrolls
 d - 3 scrolls of fear
 e - 4 scrolls of teleportation
 f - a scroll of amnesia {unknown}
 g - 2 scrolls of vulnerability {unknown}
 l - 2 scrolls of torment {unknown}
 o - a scroll of enchant weapon {unknown}
 p - 2 scrolls of poison {unknown}
 u - a scroll of enchant armour {unknown}
 y - 3 scrolls of magic mapping
 F - a scroll of brand weapon {unknown}
 K - a scroll of noise {unknown}
 M - a scroll of blinking {unknown}
 R - 3 scrolls of immolation {unknown}
Potions
 i - 2 potions of heal wounds
 k - 3 potions of brilliance
 n - 2 potions of mutation
 q - a potion of curing
 r - 3 potions of flight
 s - a potion of degeneration {unknown}
 z - 2 potions of magic {unknown}
 A - a potion of might {unknown}
 B - 3 potions of haste
 D - 2 potions of ambrosia {unknown}
 I - 2 potions of attraction {unknown}


   Skills:
 - Level 8.0 Fighting
 - Level 6.0(9.5) Axes
 - Level 11.3(12.0) Polearms
 - Level 4.0 Throwing
 + Level 7.2 Armour
 - Level 3.0 Dodging
 - Level 2.0 Stealth
 - Level 3.0 Shields
 - Level 1.0 Spellcasting
 - Level 1.0 Fire Magic
 - Level 2.0 Invocations
 - Level 3.0 Evocations


You had 11 spell levels left.
You knew the following spells:

 Your Spells              Type           Power      Damage    Failure   Level
a - Foxfire               Conj/Fire      4%         2x1d4     97%         1

Your spell library contained the following spells:

 Spells                   Type           Power      Damage    Failure   Level
 Ensorcelled Hibernation  Hex/Ice        0%         N/A       99%         2
 Passwall                 Tmut/Erth      0%         N/A       99%         2
 Call Canine Familiar     Summ           0%         N/A       100%        3
 Conjure Flame            Conj/Fire      1%         6-21      100%        3
 Ignite Poison            Fire/Tmut/Pois 1%         N/A       100%        3
 Inner Flame              Hex/Fire       1%         N/A       100%        3
 Portal Projectile        Hex/Tloc       0%         N/A       100%        3
 Swiftness                Air            0%         N/A       100%        3
 Animate Dead             Necr           0%         N/A       100%        4
 Flame Wave               Conj/Fire      1%         2d4       100%        4
 Leda's Liquefaction      Hex/Erth       0%         N/A       100%        4
 Sticky Flame             Conj/Fire      1%         2d3       100%        4
 Haunt                    Necr/Summ      0%         N/A       100%        7
 Infestation              Necr           0%         N/A       100%        8


Dungeon Overview and Level Annotations

Branches:
Dungeon (10/15)            Temple (1/1) D:7            Lair (0/5) D:8
    Orc: D:9-12

Altars:
Ashenzari
Cheibriados
Dithmenos
Elyvilon
Fedhas
Gozag
Hepliaklqana
Kikubaaqudgha
Makhleb
Nemelex Xobeh
Okawaru
Qazlal
Ru
Sif Muna
Trog
Uskayaw
Vehumet
Wu Jian
Xom
Yredelemnul
Zin
The Shining One

Shops:
D:4 (   D:7 *

Annotations:
D:10 Gastronok


Message History

The bat hits you but does no damage. The bat hits you.
Reach: a) +0 halberd
Press: ? - help, Dir - move target, f/p - Gastronok
Aim: Gastronok, wearing a +0 hat of stealth (heavily wounded, umbra, about 7% to evade your +0 halberd)
You hit Gastronok.
Gastronok is heavily wounded.
The bat barely misses you. Gastronok bites you!!
You slash Gastronok!
Gastronok is heavily wounded.
The bat hits you but does no damage. Gastronok looks at you while chanting.
You feel as though you will be slow longer.
You hit Gastronok.
Gastronok is heavily wounded.
The bat hits you but does no damage. x2
You impale Gastronok!!
Gastronok is severely wounded.
The bat closely misses you. Gastronok bites you!!
The bat hits you but does no damage.
You hit Gastronok.
Gastronok is severely wounded.
The bat hits you but does no damage. x2; Gastronok bites you!!
* * * LOW HITPOINT WARNING * * *
Okay, then.
Aiming: Iceblast
Press: ? - help, Shift-Dir - straight line, p - Gastronok The mass of ice explodes!
The iceblast engulfs Gastronok!
Gastronok is severely wounded.
You hear two shouts!
The bat barely misses you. x2
Aiming: Iceblast
Press: ? - help, Shift-Dir - straight line The mass of ice explodes!
The iceblast engulfs Gastronok!!
Gastronok is almost dead.
The iceblast engulfs the bat!!
You kill the bat!
The bat's corpse disappears in a puff of smoke!
Gastronok waves his eye-stalks in wide circles.
The air twists around and strikes you!!
You die...

# #.
#####.###########
.......<.........
######...........
#.).@w§.....
#...........
#...........
#...........
.............
..............
###########....
....


You could see Gastronok.

Vanquished Creatures
  A two-headed ogre (D:9)
  A centaur warrior (D:9)
  Pikel (D:7)
  An ugly thing (D:9)
  A cyclops (D:9)
  A black mamba (shapeshifter) (D:9)
  Maurice (D:8)
  A kobold demonologist (D:10)
  2 trolls (D:8)
  Prince Ribbit (D:7)
  A slime creature (D:9)
  7 yaks
  3 wyverns (D:9)
  Sigmund (D:3)
  A steam dragon (D:9)
  An acid dragon (D:9)
  4 water moccasins
  2 sky beasts
  2 ice beasts (D:7)
  A black bear (D:5)
  4 orc warriors
  An ogre (D:5)
  4 centaurs
  6 bullfrogs
  A gnoll sergeant (D:5)
  5 scorpions
  6 wights
  A killer bee (D:9)
  7 howler monkeys
  A gnoll bouda (D:9)
  6 orc priests
  2 hounds (D:7)
  A jelly (D:7)
  2 iguanas (D:6)
  5 orc wizards
  12 gnolls
  5 adders
  A worm (D:3)
  4 dart slugs
  32 orcs
  8 ball pythons
  5 bats
  11 endoplasms
  5 giant cockroaches
  7 goblins
  8 hobgoblins
  4 jackals (D:1)
  5 kobolds
  4 quokkas
  2 frilled lizards
  2 rats (D:1)
201 creatures vanquished.

Vanquished Creatures (collateral kills)
  A gnoll bouda (D:5)
  A gnoll (D:5)
2 creatures vanquished.

Vanquished Creatures (others)
  2 foxfires (D:1)
  31 fungi
  26 plants (D:8)
59 creatures vanquished.

Grand Total: 262 creatures vanquished

Notes
Turn   | Place    | Note
-------+----------+-------------------------------------------
     0 | D:1      | wingedge the Human Wanderer began the quest for the Orb.
     0 | D:1      | wingedge set off with the following items: a +2 hand axe, a
                  | +0 helmet, a scroll of fog, a +0 leather armour; and the
                  | following spell memorised: Foxfire; and the following
                  | spells available to memorise: Inner Flame.
     0 | D:1      | Reached XP level 1. HP: 16/16 MP: 2/2
    61 | D:1      | Reached XP level 2. HP: 19/22 MP: 3/3
   255 | D:1      | Found a faded altar of an unknown god.
   270 | D:1      | Prayed at the altar of an unknown god.
   270 | D:1      | Became a worshipper of Dithmenos the Shadowed
   270 | D:1      | Reached * piety under Dithmenos
   466 | D:1      | Reached XP level 3. HP: 27/27 MP: 4/4
   841 | D:2      | Reached skill level 5 in Axes
   966 | D:2      | Found a blossoming altar of Fedhas.
  1072 | D:2      | Reached XP level 4. HP: 34/34 MP: 5/5
  1072 | D:2      | Reached ** piety under Dithmenos
  1400 | D:3      | Reached skill level 1 in Armour
  1466 | D:3      | Noticed Sigmund
  1494 | D:3      | Killed Sigmund
  1495 | D:3      | Reached XP level 5. HP: 33/42 MP: 6/6
  1495 | D:3      | Reached XP level 6. HP: 37/48 MP: 7/7
  2063 | D:4      | Found Ewkuugor's Weapon Shoppe.
  2211 | D:4      | You fall into a shaft and drop 1 floor!
  2211 | D:5      | Entered Level 5 of the Dungeon
  2214 | D:5      | Noticed a black bear
  2228 | D:5      | Killed a black bear
  2229 | D:5      | Reached skill level 5 in Fighting
  2229 | D:5      | Reached XP level 7. HP: 53/56 MP: 8/8
  2889 | D:5      | Reached skill level 1 in Evocations
  3166 | D:5      | Reached XP level 8. HP: 57/62 MP: 9/9
  3332 | D:5      | Found a hazy altar of Hepliaklqana.
  3422 | D:5      | Reached skill level 1 in Dodging
  3422 | D:5      | Reached skill level 1 in Invocations
  3479 | D:5      | Found a white marble altar of Elyvilon.
  4196 | D:6      | Reached skill level 1 in Shields
  4209 | D:6      | Reached *** piety under Dithmenos
  4643 | D:6      | Reached skill level 5 in Armour
  4643 | D:6      | Reached XP level 9. HP: 51/69 MP: 10/10
  4982 | D:6      | Reached skill level 1 in Throwing
  5322 | D:6      | Found a hide-covered altar of Uskayaw.
  5658 | D:7      | Reached skill level 1 in Polearms
  5892 | D:7      | Reached skill level 2 in Polearms
  6068 | D:7      | Reached skill level 3 in Polearms
  6220 | D:7      | Noticed Prince Ribbit
  6237 | D:7      | Killed Prince Ribbit
  6238 | D:7      | Reached skill level 4 in Polearms
  6445 | D:7      | Found a staircase to the Ecumenical Temple.
  6454 | Temple   | Entered the Ecumenical Temple
  6661 | D:7      | Noticed Pikel
  6668 | D:7      | Killed Pikel
  6669 | D:7      | Reached skill level 5 in Polearms
  6669 | D:7      | Reached skill level 6 in Polearms
  6676 | D:7      | Found Tergh's Assorted Antiques.
  6770 | D:8      | Noticed a troll
  6770 | D:8      | Found a snail-covered altar of Cheibriados.
  6792 | D:7      | Reached XP level 10. HP: 66/76 MP: 3/11
  7800 | D:8      | Reached skill level 7 in Polearms
  7989 | D:8      | Found a staircase to the Lair.
  8039 | D:8      | Noticed Maurice
  8067 | D:8      | Killed Maurice
  8266 | D:8      | Reached skill level 8 in Polearms
  9284 | D:8      | Reached XP level 11. HP: 39/84 MP: 12/12
  9898 | D:9      | Reached skill level 9 in Polearms
 11090 | D:9      | Noticed a centaur warrior
 11095 | D:9      | Noticed a two-headed ogre
 11100 | D:9      | Killed a centaur warrior
 11101 | D:9      | Reached skill level 10 in Polearms
 11111 | D:9      | Killed a two-headed ogre
 11111 | D:9      | Reached **** piety under Dithmenos
 11441 | D:9      | Upgraded the game from 0.29-a0-998-g1987434951 to
                  | 0.29-a0-1008-g949cc1d0fb
 11771 | D:9      | Noticed a cyclops
 11779 | D:9      | Killed a cyclops
 11780 | D:9      | Reached skill level 11 in Polearms
 12150 | D:9      | Noticed a cyan ugly thing
 12165 | D:9      | Killed a cyan ugly thing
 12496 | D:10     | Entered Level 10 of the Dungeon
 12496 | D:10     | Noticed Gastronok
 12517 | D:10     | Killed from afar by Gastronok

Illustrated notes

Levels and vault maps discovered:
D:1:      evilmike_arrival_crescent, layout_loops_ring, basic_ecumenical_altar,
          minmay_octomino_e4
D:2:      layout_rooms, basic_altar, st_stairs_8
D:3:      layout_loops_ring, uniq_sigmund
D:4:      layout_cave_pools, serial_shops, nicolae_shop_statue_plus,
          minmay_manual_mares
D:5:      layout_loops_ring, mainiacjoe_overflow_catwalk, elyvilon_altar_1,
          minmay_misc_feat_pillars
D:6:      layout_basic, lemuel_round_altar
D:7:      layout_basic, temple_hall, serial_shops, shop, uniq_prince_ribbit1,
          uniq_pikel
D:8:      layout_rooms, mainiacjoe_overflow_chevrons,
          due_lair_maze_entry_diamond, nicolae_concentric_dashed_squares_wild,
          minivault_4, uniq_maurice
D:9:      layout_grid_maze, minmay_the_grid_2x2 [minmay_the_grid_dragon_a,
          minmay_the_grid_rooms, minmay_the_grid_empty,
          minmay_the_grid_prize_inner_circle]
D:10:     layout_long_grid, erik_orc_1, glass_columns_a, uniq_gastronok,
          uniq_grum
Temple:   nicolae_temple_no_exploring_needed

Skill      XL: |  1  2  3  4  5  6  7  8  9 10 11 |
---------------+----------------------------------+-----
Axes           | 5 6 |  6.0
Fighting       | 4 5 6 7 8 |  8.0
Armour         | 3 4 5 7 |  7.2
Evocations     | 2 3 |  3.0
Dodging        | 1 3 |  3.0
Invocations    | 2 |  2.0
Shields        | 3 |  3.0
Throwing       | 4 |  4.0
Polearms       | 6 8 11 | 11.3
Stealth        | |  2.0
Spellcasting   | |  1.0
Fire Magic     | |  1.0

Action                   |  1- 3 |  4- 6 |  7- 9 | 10-12 || total
-------------------------+-------+-------+-------+-------++-------
Melee: Hand axe          |    71 |   127 |   217 |   148 ||   563
       Punch             |       |       |     2 |       ||     2
       War axe           |       |       |    55 |       ||    55
       Trident           |       |       |    17 |    18 ||    35
       Unarmed           |       |       |       |     4 ||     4
       Halberd           |       |       |       |   179 ||   179
Throw: Dart              |       |     6 |    10 |     4 ||    20
       Boomerang         |       |       |     7 |     9 ||    16
 Cast: Foxfire           |     2 |       |       |       ||     2
Invok: Shadow Step       |       |       |     5 |     1 ||     6
Evoke: Wand              |       |       |     4 |    15 ||    19
  Use: Potion            |       |     4 |     4 |     3 ||    11
       Scroll            |       |     5 |     3 |     4 ||    12
 Stab: Sleeping          |     1 |       |       |       ||     1
Armor: Leather armour    |     5 |       |       |       ||     5
       Scale mail        |    12 |       |       |       ||    12
       Chain mail        |    25 |    52 |   149 |    45 ||   271
       Skin              |       |       |    41 |    10 ||    51
       Plate armour      |       |       |       |   114 ||   114
Dodge: Dodged            |    27 |    32 |   125 |   109 ||   293
Block: Kite shield       |       |       |    39 |    48 ||    87

Table legend: (Time is in decaauts)
 A = Elapsed time spent in this place.
 B = Non-inter-level travel time spent in this place.
 C = Inter-level travel time spent in this place.
 D = Time resting spent in this place.
 E = Time spent auto-exploring this place.
 F = Levels seen in this place.
 G = Mean time per level.
                   A        B        C        D        E       F      G
               +--------+--------+--------+--------+--------+-----+--------+
         Total |  12577 |  11847 |    730 |   4509 |   1506 |  11 | 1143.4 |
       Dungeon |  12575 |  11845 |    730 |   4509 |   1506 |  10 | 1257.5 |
        Temple |      1 |      1 |      0 |      0 |      0 |   1 |    1.0 |
               +--------+--------+--------+--------+--------+-----+--------+

Top non-repeatable levels by time:
     D:9: 3089 daAuts
     D:8: 1978 daAuts
     D:7: 1925 daAuts
     D:6: 1572 daAuts
     D:5: 1396 daAuts
     D:1: 834 daAuts
     D:3: 714 daAuts
     D:4: 669 daAuts
     D:2: 369 daAuts
    D:10: 26 daAuts
  Temple: 1 daAuts
